 Dungeon Crawl Stone Soup version 0.21-a0-507-ga8f6b7a (webtiles) character file.

37 slep the Skirmisher (level 3, -5/36 HPs)
             Began as a Troll Monk on Nov 28, 2017.
             Slain by Sigmund
             ... wielding a +0 scythe
              (7 damage)
             ... on level 2 of the Dungeon.
             The game lasted 00:03:35 (975 turns).

slep the Skirmisher (Troll Monk)                     Turns: 975, Time: 00:03:36

Health: -5/36      AC:  5    Str: 19    XL:     3   Next: 21%
Magic:  2/2        EV: 11    Int:  6    God:
Gold:   29         SH:  0    Dex: 13    Spells: 2/2 levels left

rFire    . . .     SeeInvis .   (no weapon)
rCold    . . .     Gourm    +   (no shield)
rNeg     . . .     Faith    .   b - +0 robe
rPois    .         Spirit   .   (helmet restricted)
rElec    .         Reflect  .   (no cloak)
rCorr    .         Harm     .   (gloves unavailable)
MR       .....                  (boots unavailable)
Stlth    ++........             (no amulet)
HPRegen  0.52/turn              (no ring)
MPRegen  0.08/turn              (no ring)

@: no status effects
A: large, unfitting armour, claws 3, fast metabolism 3, gourmand, regeneration
1, shaggy fur 1, tough skin 2
a: no special abilities


You were on level 2 of the Dungeon.
You were very full.

You visited 1 branch of the dungeon, and saw 2 of its levels.

You collected 29 gold pieces.

Inventory:

Hand Weapons
 a - a +0 spear
Armour
 b - a +0 robe (worn)
Scrolls
 d - 2 scrolls of identify {unknown}
 f - a scroll of enchant armour {unknown}
 i - a scroll of remove curse {unknown}
 j - a scroll of random uselessness {unknown}
 k - 4 scrolls of teleportation {unknown}
 l - a scroll of magic mapping {unknown}
 n - a scroll of amnesia {unknown}
Potions
 e - 2 potions of curing {unknown}
 h - 2 potions of degeneration {unknown}
Comestibles
 c - 3 bread rations
 g - 4 fruits
 m - a meat ration
 o - a royal jelly


   Skills:
 + Level 2.9 Fighting
 + Level 2.7 Polearms
 + Level 2.8 Dodging
 + Level 1.0 Stealth
 + Level 0.4 Unarmed Combat


You had 2 spell levels left.
You didn't know any spells.

Dungeon Overview and Level Annotations

Branches:
Dungeon (2/15)

Altars:

Annotations:
D:2 Sigmund


Innate Abilities, Weirdness & Mutations

You are too large for most types of armour.
You have claws for hands.
Your metabolism is lightning-fast.
You like to eat raw meat.
Your natural rate of healing is unusually fast.
You are covered in fur. (AC +1)
You have very tough skin. (AC +2)


Message History

The adder is severely wounded.
The adder bites you but does no damage. Something hits you.
The adder bites you.
* * * LOW HITPOINT WARNING * * *
You scratch the adder.
The adder is almost dead.
The adder bites you but does no damage.
You claw the adder!
You kill the adder!
You have reached level 3!
Your experience leads to an increase in your attributes!
Increase (S)trength, (I)ntelligence, or (D)exterity?
You feel agile.
You feel stronger. Something hits you!
* * * LOW HITPOINT WARNING * * *
The adder bites you but does no damage.
You claw the adder!
The adder is almost dead.
The adder bites you but does no damage. Something hits you!
You die...

......). #.# #.##
....... #.# #..#
..... #.# ##.###
.... #.# #..#. ..#
#.######...
#$#######.##.......
#{g##........#####.
##S#..###.#### #.
#@#.## #.# #. #...#
#.# ##. #....# #.#
##.. ....##.# #.#
#... $...## #.. ..(
...## .... #### ..
#####. ..% #. ..
#.. ...#


You could see an adder and a hobgoblin.

Vanquished Creatures
  An adder (D:2)
  A dart slug (D:1)
  3 goblins
  6 hobgoblins
  3 jackals (D:1)
  4 kobolds (D:1)
  3 bats
  2 rats
23 creatures vanquished.

Notes
Turn   | Place    | Note
-------+----------+-------------------------------------------
     0 | D:1      | slep the Troll Monk began the quest for the Orb.
     0 | D:1      | Reached XP level 1. HP: 22/22 MP: 0/0
   203 | D:1      | Reached XP level 2. HP: 29/29 MP: 1/1
   955 | D:2      | Noticed Sigmund
   974 | D:2      | Reached XP level 3. HP: 11/36 MP: 2/2
   974 | D:2      | HP: 1/36 [something (10)]
   975 | D:2      | Slain by Sigmund

Vault maps used:
D:1:      lordsloth_arrival_two_stooges, minmay_pentomino_u2
D:2:      uniq_natasha, uniq_sigmund

Action                   || total
-------------------------++-------
Melee: Spear             ||    20
       Unarmed           ||    58
 Stab: Sleeping          ||     1
  Eat: Chunk             ||    13
Armor: Robe              ||    38
Dodge: Dodged            ||    51

Table legend:
 A = Spawn XP
 B = Non-spawn XP
 C = Spawn XP percentage of total XP
 D = Spawn monster count
 E = Non-spawn monster count
 F = Spawn count percentage of total count
 G = Total turns spent on level
                    A         B        C        D         E        F      G
               +---------+---------+-------+---------+---------+-------+---------
         Total |       0 |      53 |   0.0 |       0 |      23 |   0.0 |   975
               +---------+---------+-------+---------+---------+-------+---------
           D:1 |       0 |      32 |   0.0 |       0 |      17 |   0.0 |   780
           D:2 |       0 |      21 |   0.0 |       0 |       6 |   0.0 |   195
               +---------+---------+-------+---------+---------+-------+---------
